AoeStats
← tyler

Arabia

508922331Analyzed
2v2 RM · 9d ago on Sep 24, 2026· 22m 49s· 4 players
Game mode
Random Map
Map size
Medium (4 player)
Population
200
Speed
Normal
Resources
Standard
Victory
Conquest
Starting age
Dark Age
Ending age
Imperial Age
RankedLock teamsTeams togetherTeam positionsShared explorationLock speedFull tech treeHidden civsTurbo modeCheats
Victory
Defeat
🇧🇩 Japanese · Bangladesh
944
+14
🇦🇷 Franks · Argentina
931
+14
🇹🇼 Magyars · Taiwan
902
-40
🇹🇼 Sicilians · Taiwan
902
-40
西明進洞
9:15 Feudal Age
20:49 Scale Barding Armor
tyler
12:07 Feudal Age
20:51 Double-Bit Axe
20:51 Horse Collar
FateStroke
10:21 Feudal Age
11:00 Man-at-Arms
12:25 Arson
14:43 Loom
22:31 Castle Age
22:33 Long Swordsman
23:14 Squires
23:22 Scale Barding Armor
23:19 Scale Mail Armor
23:30 Forging
Lord Wrath
5:44 Loom
8:50 Feudal Age
9:15 Double-Bit Axe
17:16 Scale Barding Armor
21:36 Castle Age
20:42 Gold Mining
23:29 Forging
Connection lost

Rejoining the realm…

Still unreachable

The connection could not be restored.

Session expired

The server has moved on; the page needs a fresh start.